 Dungeon Crawl Stone Soup version 0.19-a0-526-gbe2e51c (webtiles) character file.

30 Duffy the Chopper (level 3, 29/29 HPs)
             Began as a Demonspawn Fighter on June 7, 2016.
             Quit the game on level 1 of the Dungeon.
             The game lasted 00:00:42 (783 turns).

Duffy the Chopper (Demonspawn Fighter)               Turns: 783, Time: 00:00:43

Health: 29/29      AC:  4    Str: 17    XL:     3   Next: 3%
Magic:  3/3        EV:  7    Int:  9    God:
Gold:   6          SH:  8    Dex: 12    Spells: 0 memorised, 2 levels left

rFire  . . .     SeeInvis .     a - +0 war axe
rCold  . . .     Gourm    .     b - +0 scale mail
rNeg   . . .     Faith    .     c - +0 shield
rPois  .         Spirit   .     (no helmet)
rElec  .         Dismiss  .     (no cloak)
rCorr  .         Reflect  .     (no gloves)
SustAt .         Harm     .     (no boots)
MR     .....                    (no amulet)
Stlth  ..........               (no ring)
                                i - -2 ring of protection (curse)

@: very slightly contaminated, not resistant to hostile enchantments, extremely
unstealthy
A: rot immunity, sturdy frame 1
a: no special abilities


You were on level 1 of the Dungeon.
You were not hungry.

You visited 1 branch of the dungeon, and saw 2 of its levels.

You collected 6 gold pieces.


Innate Abilities, Weirdness & Mutations

You are immune to rotting.
Your movements are slightly less encumbered by armour. (ER -2)


   Skills:
 - Level 3.0 Fighting
 + Level 3.2 Axes
 - Level 2.6 Armour
 - Level 2.6 Shields


You had 2 spell levels left.
You didn't know any spells.

Inventory:

Hand Weapons
 a - a +0 war axe (weapon)
Armour
 b - a +0 scale mail (worn)
 c - a +0 shield (worn)
Jewellery
 i - a cursed -2 ring of protection (left hand)
Potions
 d - a potion of might
 h - a potion of haste {unknown}
Comestibles
 f - 3 bread rations
 g - a beef jerky

Dungeon Overview and Level Annotations

Branches:
Dungeon (2/15)

Altars:


Message History

A rat comes into view.
Found a stone staircase leading down.
You closely miss the rat. The rat completely misses you.
You slash the rat!
You kill the rat!
No target in view!
No target in view!
No target in view!
No target in view!
No target in view!
No target in view!
No target in view!
No target in view!
Found 2 sapphire potions.
A ball python comes into view.
The ball python bites you but does no damage.
The ball python grabs you. The ball python constricts you.
Found a scroll labeled QUPSUM CATEOCW.
You escape the ball python's grasp.
The ball python bites you but does no damage.
You block the ball python's attack.
You closely miss the ball python. The ball python barely misses you. x2
You closely miss the ball python. You block the ball python's attack.
The ball python closely misses you. The ball python barely misses you.
You block the ball python's attack.
You hit the ball python but do no damage.
The ball python barely misses you. You block the ball python's attack.
The ball python closely misses you. The ball python grabs you.
The ball python constricts you.
You hit the ball python.
You kill the ball python!
No target in view!
No target in view!
No target in view!
No target in view!
No target in view!
No target in view!
No target in view!
No target in view!
No target in view!
You open the door.
There is an open door here.
Blink to where?
Press: ? - help, Dir - move target cursor You are very lightly contaminated with residual magic.
As you read the scroll labeled PAUSMO TOPN, it crumbles to dust.
It was a scroll of blinking.
As you read the scroll labeled OROCUN COSAEC, it crumbles to dust.
The dust glows faint viridian!
It was a scroll of random uselessness.
Are you sure you want to abandon this character and quit the game? (Confirm with "yes".)

#...#.>..# ## #........#
#. #........###### #..
#.....%.......#
##..##....######...#
###.........#....#.#.#
#.....#.....#....#.#.#
#.#..##.##..#....#.#.#
#...........#.@..#.#.#
#####..##.#...#..0.#.#.#
..............##'###.#.#
#####..##.#..........#.#
#..##.#....#.#.###
#####..##.#....#.#.#
.......##...........
#####[########.#..###
.............#.#..


There were no monsters in sight!

Action                   || total
-------------------------++-------
Melee: War axe           ||    50
  Use: Scroll            ||     2
Armor: Scale mail        ||    24
Dodge: Dodged            ||    16
Block: Shield            ||    28

Notes
Turn   | Place    | Note
--------------------------------------------------------------
     0 | D:1      | Duffy the Demonspawn Fighter began the quest for the Orb.
     0 | D:1      | Reached XP level 1. HP: 18/18 MP: 1/1
    29 | D:1      | Reached skill level 2 in Axes
   235 | D:1      | Gained mutation: Your movements are slightly less encumbered by armour. (ER -2) [demonic ancestry]
   235 | D:1      | Reached XP level 2. HP: 23/24 MP: 2/2
   503 | D:1      | Reached skill level 3 in Axes
   682 | D:1      | Gained mutation: You are immune to rotting. [demonic ancestry]
   682 | D:1      | Reached XP level 3. HP: 25/29 MP: 3/3
   783 | D:1      | Quit the game

Skill      XL: |  1  2 |
---------------+-------+-----
Axes           | 2 3 |  3.2
Fighting       | |  3.0
Armour         | |  2.6
Shields        | |  2.6

Vault maps used:
D:1:      mrwooster_arrival_arrow, nrook_mini_vaults
D:2:      old_standard_altar, nicolae_dithmenos_shadow_blocks,
          cheibriados_altar_1, first_bread, kennysheep_minor_cross,
          hangedman_decor_growths, lemuel_tele_altar

Vanquished Creatures
  An adder
  A dart slug
  A giant gecko
  A giant cockroach
  3 goblins
  3 hobgoblins
  A ball python
  4 kobolds
  A rat
16 creatures vanquished.
